Construct Section Command Post
Selects Heavy Armor Battlegroup
Construct Platoon Command Post
Construct Field Infirmary
Unlock Bishop Self-propelled Artillery
Selects Engineer Detachments
Selects Forward Repair Assembly
Bishop Self-propelled Artillery
Selects UNKNOWN (2162094)
Construct Company Command Post
Selects Light Vehicle Withdraw and Refit
6-pounder Anti-tank Gun Team
Unlock M3 Grant Medium Tanks